 Dungeon Crawl Stone Soup version 0.22.0-16-gc6d26f6 (webtiles) character file.

314 Lauz the Conjurer (level 6, -2/45 HPs)
             Began as a Draconian Conjurer on Aug 17, 2018.
             Splashed by Ijyb's acid (12 damage)
             ... on level 4 of the Dungeon.
             The game lasted 00:46:49 (5958 turns).

Lauz the Conjurer (Draconian Conjurer)              Turns: 5958, Time: 00:46:51

Health: -2/45      AC:  7    Str: 10    XL:     6   Next: 19%
Magic:  6/11       EV: 13    Int: 17    God:
Gold:   104        SH:  0    Dex: 15    Spells: 6/12 levels left

rFire    + . .     SeeInvis .   e - +0 dagger
rCold    . . .     Gourm    +   (no shield)
rNeg     . . .     Faith    .   (armour unavailable)
rPois    .         Spirit   .   (helmet restricted)
rElec    .         Reflect  .   (no cloak)
rCorr    .         Harm     .   (no gloves)
MR       .....                  m - +0 pair of boots
Stlth    ++........             d - amulet of the gourmand
HPRegen  0.15/turn              j - +3 ring of dexterity
MPRegen  0.12/turn              (no ring)

@: flying
A: unfitting armour, big wings, fire resistance 1, cold-blooded, AC +6
a: Stop Flying


You were on level 4 of the Dungeon.
You were not hungry.

You visited 1 branch of the dungeon, and saw 4 of its levels.

You collected 104 gold pieces.

Inventory:

Hand Weapons
 e - a +0 dagger (weapon)
Armour
 m - a +0 pair of boots (worn)
Jewellery
 d - an amulet of the gourmand (around neck)
 j - a +3 ring of dexterity (left hand)
 n - an uncursed ring of teleportation
Scrolls
 a - 2 scrolls of immolation
 c - 4 scrolls of remove curse
Potions
 f - a potion of heal wounds {unknown}
 g - a potion of brilliance {unknown}
 h - 2 potions of curing {unknown}
 i - a potion of agility {unknown}
 k - a potion of haste {unknown}
 l - a potion of resistance
 o - a potion of might {unknown}
Comestibles
 b - 7 rations


   Skills:
 + Level 2.5 Dodging
 - Level 1.8 Stealth
 - Level 0.1 Unarmed Combat
 + Level 3.7 Spellcasting
 * Level 6.2 Conjurations


You had 6 spell levels left.
You knew the following spells:

 Your Spells              Type           Power        Failure   Level  Hunger
a - Magic Dart            Conj           ###.         1%          1    None
b - Dazzling Spray        Conj/Hex       ##....       14%         3    ###....
c - Searing Ray           Conj           ###...       1%          2    ##.....

Your spell library contained the following spells:

 Spells                   Type           Power        Failure   Level  Hunger
 Iskenderun's Mystic Bla  Conj           ###.....     13%         4    ####...
 Fulminant Prism          Conj/Hex       ##........   41%         4    ####...
 Force Lance              Conj/Tloc      ##......     41%         4    ####...


Dungeon Overview and Level Annotations

Branches:
Dungeon (4/15)
 Temple: D:4-7

Altars:
Uskayaw

Annotations:
D:3 Grinder
D:4 Ijyb


Innate Abilities, Weirdness & Mutations

Your plain brown scales are hard. (AC +6)
You cannot fit into any form of body armour.
You are cold-blooded and may be slowed by cold attacks.
Your large and strong wings let you fly indefinitely.
Your flesh is heat resistant. (rF+)


Message History

The magic dart hits Ijyb.
Ijyb is moderately wounded.
Casting: Magic Dart (safe; 1% risk of failure)
Confirm with . or Enter, or press ? or * to list all spells.
Aiming: Magic Dart (safe; 1% risk of failure)
Press: ? - help, Shift-Dir - straight line, f/p - Ijyb
Aim: Ijyb, wielding a dagger, wearing a scale mail and carrying a wand of acid (7) (moderately wounded)
Okay, then.
Casting: Magic Dart (safe; 1% risk of failure)
Confirm with . or Enter, or press ? or * to list all spells.
Aiming: Searing Ray (safe; 1% risk of failure)
Press: ? - help, Shift-Dir - straight line, f/p - Ijyb
Aim: Ijyb, wielding a dagger, wearing a scale mail and carrying a wand of acid (7) (moderately wounded)
The searing ray hits Ijyb.
Ijyb is moderately wounded. (Press . to maintain the ray.) Ijyb zaps a wand.
The bolt of acid hits you!
* * * LOW HITPOINT WARNING * * *
You are splashed with acid!
The acid burns!
You die...

#.....######
#.....#....#
#.....#....#
#<....'....#
#.....#....#
#.....#....#
#.....###### ###
###....#..######...#
#.@..#...........#
#....')..........+
###....####'####+###
#..................
#...g..............
#..................
#..................
#..................
####.....##'########


You could see Ijyb.

Vanquished Creatures
  Menkaure (D:4)
  A hound (D:2)
  Terence (D:2)
  Robin (D:3)
  2 adders (D:2)
  An adder skeleton (D:4)
  2 worms (D:2)
  2 dart slugs
  A leopard gecko (D:4)
  4 orcs (D:4)
  5 giant cockroaches
  13 goblins
  14 hobgoblins
  7 jackals
  2 quokkas
  A ball python (D:2)
  5 bats
  6 frilled lizards
  A jackal skeleton (D:4)
  13 kobolds
  6 rats
89 creatures vanquished.

Notes
Turn   | Place    | Note
-------+----------+-------------------------------------------
     0 | D:1      | Lauz the Draconian Conjurer began the quest for the Orb.
     0 | D:1      | Reached XP level 1. HP: 14/14 MP: 3/3
   333 | D:1      | Reached XP level 2. HP: 20/20 MP: 1/5
  1210 | D:1      | Gained mutation: Your flesh is heat resistant. (rF+) [potion of mutation]
  1210 | D:1      | Gained mutation: Your large and strong wings let you fly indefinitely. [potion of mutation]
  1225 | D:2      | Reached XP level 3. HP: 5/26 MP: 2/6
  1486 | D:2      | Noticed Terence
  1646 | D:2      | Learned a level 3 spell: Dazzling Spray
  1649 | D:2      | Learned a level 2 spell: Searing Ray
  2029 | D:2      | Reached skill level 5 in Conjurations
  2576 | D:2      | Reached XP level 4. HP: 21/33 MP: 1/8
  3452 | D:3      | Noticed Grinder
  3594 | D:2      | Killed Terence
  3683 | D:2      | Reached XP level 5. HP: 38/38 MP: 6/9
  4172 | D:3      | Paralysed by Grinder for 2 turns
  4200 | D:3      | Paralysed by Grinder for 2 turns
  4558 | D:3      | Noticed Robin
  4627 | D:3      | Killed Robin
  5122 | D:4      | Found a hide-covered altar of Uskayaw.
  5138 | D:4      | Noticed Menkaure
  5161 | D:4      | Killed Menkaure
  5161 | D:4      | Reached skill level 6 in Conjurations
  5161 | D:4      | Reached XP level 6. HP: 45/45 MP: 2/11
  5506 | D:4      | Noticed Ijyb
  5514 | D:4      | HP: 1/45 [acid (11)]
  5958 | D:4      | Splashed by Ijyb's acid

Skill      XL: |  1  2  3  4  5 |
---------------+----------------+-----
Conjurations   | 5 6 |  6.2
Dodging        | 2 |  2.5
Spellcasting   | 3 |  3.7
Stealth        | |  1.8
Unarmed Combat | |  0.1

Action                   |  1- 3 |  4- 6 || total
-------------------------+-------+-------++-------
Melee: Unarmed           |    22 |       ||    22
       Tailslap          |     4 |     9 ||    13
       Dagger            |    34 |    54 ||    88
 Cast: Magic Dart        |   107 |    62 ||   169
       Searing Ray       |     3 |    17 ||    20
       Dazzling Spray    |     1 |     7 ||     8
 Abil: Fly               |     1 |       ||     1
  Use: Potion            |     4 |       ||     4
       Scroll            |     2 |     3 ||     5
  Eat: Chunk             |     4 |    12 ||    16
       Ration            |     1 |       ||     1
Armor: Skin              |    34 |    32 ||    66
Dodge: Dodged            |    99 |   110 ||   209
